 Dungeon Crawl Stone Soup version 0.22-a0-196-gee22f27 (webtiles) character file.

1658 galech the Grappler (level 8, -6/80 HPs)
             Began as a Troll Monk on Feb 17, 2018.
             Mangled by an orc warrior
             ... wielding a +0 dire flail
              (23 damage)
             ... on level 7 of the Dungeon.
             The game lasted 00:08:29 (3653 turns).

galech the Grappler (Troll Monk)                    Turns: 3653, Time: 00:08:29

Health: -6/80      AC:  8    Str: 26    XL:     8   Next: 68%
Magic:  7/7        EV:  6    Int:  6    God:
Gold:   329        SH: 15    Dex: 12    Spells: 7/7 levels left

rFire    . . .     SeeInvis .     - Unarmed
rCold    . . .     Gourm    +   m - +0 large shield
rNeg     . . .     Faith    .   a - +0 robe
rPois    .         Spirit   .   (helmet restricted)
rElec    .         Reflect  .   (no cloak)
rCorr    .         Harm     .   (gloves unavailable)
MR       .....                  (boots unavailable)
Stlth    ++........             (no amulet)
HPRegen  0.63/turn              r - +3 ring of protection
MPRegen  0.10/turn              f - +4 ring of strength

@: no status effects
A: large, unfitting armour, claws 3, fast metabolism 3, gourmand, regeneration
1, shaggy fur 1, tough skin 2
a: no special abilities


You were on level 7 of the Dungeon.
You were very full.

You visited 2 branches of the dungeon, and saw 8 of its levels.

You collected 329 gold pieces.

Inventory:

Armour
 a - a +0 robe (worn)
 m - a +0 large shield (worn)
Jewellery
 f - a +4 ring of strength (right claw)
 r - a +3 ring of protection (left claw)
Scrolls
 e - 2 scrolls of fear {unknown}
 g - a scroll of immolation {unknown}
 h - 2 scrolls of noise {unknown}
 i - 5 scrolls of identify {unknown}
 j - 2 scrolls of fog {unknown}
 l - 2 scrolls of magic mapping {unknown}
 p - 2 scrolls of enchant weapon {unknown}
 s - 4 scrolls of remove curse {unknown}
 t - a scroll of teleportation {unknown}
 v - a scroll of torment {unknown}
 y - a scroll of enchant armour {unknown}
Potions
 c - a potion of lignification {unknown}
 d - a potion of degeneration {unknown}
 k - a potion of berserk rage {unknown}
 n - 3 potions of invisibility {unknown}
 o - a potion of might {unknown}
 q - 3 potions of curing {unknown}
 w - a potion of mutation {unknown}
Books
 u - a book of Debilitation

   Spells                             Type                      Level
   a - Corona                         Hexes                        1
   b - Slow                           Hexes                        2
   c - Inner Flame                    Hexes/Fire                   3
   d - Portal Projectile              Hexes/Translocation          3
   e - Cause Fear                     Hexes                        4
   f - Leda's Liquefaction            Hexes/Earth                  4
Comestibles
 b - 13 rations


   Skills:
 + Level 5.3 Fighting
 - Level 2.4 Dodging
 - Level 1.0 Stealth
 + Level 3.7 Shields
 * Level 8.8 Unarmed Combat


You had 7 spell levels left.
You didn't know any spells.

Dungeon Overview and Level Annotations

Branches:
Dungeon (7/15)             Temple (1/1) D:6

Altars:
Ashenzari
Cheibriados
Fedhas
Gozag
Hepliaklqana
Kikubaaqudgha
Makhleb
Nemelex Xobeh
Qazlal
Ru
Uskayaw
Wu Jian
Xom
Yredelemnul
Zin
The Shining One

Annotations:
D:6 Grinder


Innate Abilities, Weirdness & Mutations

You are too large for most types of armour.
You have claws for hands.
Your metabolism is lightning-fast.
You like to eat raw meat.
Your natural rate of healing is unusually fast.
You are covered in fur. (AC +1)
You have very tough skin. (AC +2)


Message History

You are too injured to fight recklessly!
You are too injured to fight recklessly!
You are too injured to fight recklessly!
You are too injured to fight recklessly!
You are too injured to fight recklessly!
You are too injured to fight recklessly!
You are too injured to fight recklessly!
You are too injured to fight recklessly!
You are too injured to fight recklessly!
You are too injured to fight recklessly!
You are too injured to fight recklessly!
You are too injured to fight recklessly!
You scratch the orc warrior but do no damage.
The orc warrior is severely wounded.
The orc warrior hits you with a dire flail!
* * * LOW HITPOINT WARNING * * *
You closely miss the orc warrior.
The orc warrior is severely wounded.
The orc warrior hits you with a dire flail!!
You die...

## #...# #..
....#
#.###...####
##.........#
..........#
.......
#o..# #.@.#
#...# ##....
######


You could see an orc warrior.

Vanquished Creatures
  Sigmund (D:2)
  Edmund (D:5)
  A sky beast (D:6)
  An orc warrior (D:6)
  An ice beast (D:6)
  A phantom (D:5)
  The ghost of vishdafish the Slasher, an amateur DsGl (D:3)
  A centaur (D:5)
  A scorpion (D:6)
  A crimson imp (D:5)
  2 hounds
  A jelly (D:6)
  6 orc priests
  5 orc wizards
  2 iguanas
  3 worker ants
  A hound skeleton (D:4)
  7 adders
  4 gnolls (D:6)
  An adder skeleton (D:4)
  3 worms
  2 dart slugs
  4 leopard geckos
  25 orcs
  6 giant cockroaches
  8 goblins
  5 hobgoblins
  12 jackals
  3 quokkas
  3 ball pythons
  9 bats
  5 frilled lizards
  9 kobolds
  6 rats
142 creatures vanquished.

Notes
Turn   | Place    | Note
-------+----------+-------------------------------------------
     0 | D:1      | galech the Troll Monk began the quest for the Orb.
     0 | D:1      | Reached XP level 1. HP: 22/22 MP: 0/0
   107 | D:1      | Reached XP level 2. HP: 29/29 MP: 1/1
   413 | D:1      | Reached XP level 3. HP: 34/36 MP: 2/2
   494 | D:2      | Noticed Sigmund
   498 | D:2      | Killed Sigmund
   498 | D:2      | Reached skill level 5 in Unarmed Combat
   498 | D:2      | Reached XP level 4. HP: 34/45 MP: 3/3
   498 | D:2      | Reached XP level 5. HP: 40/53 MP: 4/4
   717 | D:2      | Found a shattered altar of Ashenzari.
   923 | D:2      | Found a blossoming altar of Fedhas.
  1297 | D:3      | Reached XP level 6. HP: 46/62 MP: 5/5
  1341 | D:3      | Noticed vishdafish's ghost (amateur DsGl)
  1360 | D:3      | Killed vishdafish's ghost
  1360 | D:3      | Reached skill level 1 in Shields
  1360 | D:3      | Reached skill level 6 in Unarmed Combat
  1691 | D:3      | Reached XP level 7. HP: 67/70 MP: 6/6
  1926 | D:4      | Found an opulent altar of Gozag.
  2326 | D:5      | Entered Level 5 of the Dungeon
  2340 | D:5      | Reached skill level 7 in Unarmed Combat
  2611 | D:5      | Reached XP level 8. HP: 41/79 MP: 7/7
  3071 | D:5      | Noticed Edmund
  3078 | D:5      | Killed Edmund
  3096 | D:5      | Reached skill level 8 in Unarmed Combat
  3256 | D:6      | Reached skill level 5 in Fighting
  3427 | D:6      | Found a staircase to the Ecumenical Temple.
  3433 | D:6      | Noticed Grinder
  3436 | Temple   | Entered the Ecumenical Temple
  3653 | D:7      | Mangled by an orc warrior

Vault maps used:
D:1:      scummos_arrival_forest
D:2:      nicolae_overflow_crystal_walls, fedhas_altar_fruit_tree, uniq_sigmund
D:3:      first_ration
D:4:      grunt_gozag_breadcrumbs, minivault_26
D:5:      corner_web_ring, uniq_edmund
D:6:      gammafunk_temple_overflow_claw, minmay_temple_entry_statues_fountains,
          basic_altar, okawaru_altar_gauntlet_db, uniq_grinder
D:7:      bloody_trog, lemuel_tele_altar
Temple:   dshaligram_water_room_temple

Skill      XL: |  1  2  3  4  5  6  7  8 |
---------------+-------------------------+-----
Fighting       | 3 4 5 |  5.3
Unarmed Combat | 5 6 7 8 |  8.8
Shields        | 1 2 3 |  3.7
Dodging        | |  2.4
Stealth        | |  1.0

Action                   |  1- 3 |  4- 6 |  7- 9 || total
-------------------------+-------+-------+-------++-------
Melee: Unarmed           |    71 |   168 |   210 ||   449
 Stab: Sleeping          |     1 |     2 |       ||     3
       Distracted        |       |     2 |       ||     2
  Eat: Chunk             |    10 |    11 |    18 ||    39
Armor: Robe              |    30 |    43 |    41 ||   114
Dodge: Dodged            |    33 |    40 |    23 ||    96
Block: Large shield      |       |    78 |   132 ||   210

Table legend:
 A = Spawn XP
 B = Non-spawn XP
 C = Spawn XP percentage of total XP
 D = Spawn monster count
 E = Non-spawn monster count
 F = Spawn count percentage of total count
 G = Total turns spent on level
                    A         B        C        D         E        F      G
               +---------+---------+-------+---------+---------+-------+---------
         Total |       0 |    2369 |   0.0 |       0 |     142 |   0.0 |  3653
               +---------+---------+-------+---------+---------+-------+---------
           D:1 |       0 |      43 |   0.0 |       0 |      24 |   0.0 |   493
           D:2 |       0 |     283 |   0.0 |       0 |      31 |   0.0 |   702
           D:3 |       0 |     407 |   0.0 |       0 |      28 |   0.0 |   675
           D:4 |       0 |     274 |   0.0 |       0 |      20 |   0.0 |   456
           D:5 |       0 |     746 |   0.0 |       0 |      24 |   0.0 |   908
           D:6 |       0 |     616 |   0.0 |       0 |      15 |   0.0 |   258
               +---------+---------+-------+---------+---------+-------+---------
